 Dungeon Crawl Stone Soup version 0.25-a0-561-g0977b4d109 (webtiles) character file.

Game seed: 15858886981268418002, levelgen mode: deterministic

918 Flugslaktarn the Chopper (level 7, -15/63 HPs)
             Began as a Minotaur Fighter on Feb 25, 2020.
             Demolished by an orc warrior
             ... wielding a +0 hand axe
              (16 damage)
             ... on level 6 of the Dungeon.
             The game lasted 00:01:04 (2838 turns).

Flugslaktarn the Chopper (Minotaur Fighter)         Turns: 2838, Time: 00:01:04

Health: -15/63     AC:  8    Str: 23    XL:     7   Next: 83%
Magic:  6/6        EV:  8    Int:  5    God:
Gold:   169        SH: 10    Dex:  9    Spells: 6/6 levels left

rFire    . . .     SeeInvis .   a - +0 war axe
rCold    . . .     Gourm    .   c - +0 kite shield
rNeg     . . .     Faith    .   b - +0 scale mail
rPois    .         Spirit   .   (helmet restricted)
rElec    .         Reflect  .   g - +0 cloak
rCorr    .         Harm     .   (no gloves)
MR       .....                  (no boots)
Stlth    ..........             (no amulet)
HPRegen  0.20/turn              (no ring)
MPRegen  0.10/turn              (no ring)

@: no status effects
A: retaliatory headbutt, horns 2
a: no special abilities


You were on level 6 of the Dungeon.
You were hungry.

You visited 1 branch of the dungeon, and saw 6 of its levels.

You collected 169 gold pieces.

Inventory:

Hand Weapons
 a - a +0 war axe (weapon)
Armour
 b - a +0 scale mail (worn)
 c - a +0 kite shield (worn)
 g - a +0 cloak (worn)
   (You found it on level 3 of the Dungeon)
Jewellery
 h - an uncursed ring of protection from cold {unknown}
   (You found it on level 1 of the Dungeon)
Wands
 p - a wand of iceblast (10)
   (You took it off Pikel on level 5 of the Dungeon)
Scrolls
 f - 3 scrolls of remove curse {unknown}
 i - a scroll of immolation {unknown}
 l - 2 scrolls of fog {unknown}
 m - 3 scrolls of identify {unknown}
 r - 3 scrolls of teleportation {unknown}
 t - a scroll of magic mapping {unknown}
 v - a scroll of fear {unknown}
Potions
 d - 2 potions of might
 j - a potion of berserk rage {unknown}
 k - a potion of haste {unknown}
 n - 2 potions of heal wounds {unknown}
 q - a potion of flight {unknown}
 s - a potion of brilliance {unknown}
 u - a potion of ambrosia {unknown}
 w - a potion of magic {unknown}
Comestibles
 e - 7 rations


   Skills:
 + Level 6.0 Fighting
 * Level 7.2 Axes
 + Level 5.9 Armour
 + Level 6.0 Shields


You had 6 spell levels left.
You didn't know any spells.
Your spell library was empty.

Dungeon Overview and Level Annotations

Branches:
Dungeon (6/15)
 Temple: D:4-7

Altars:


Innate Abilities, Weirdness & Mutations

You reflexively headbutt those who attack you in melee.
You have a pair of horns on your head.


Message History

The orc warrior is severely wounded.
You block the orc warrior's attack.
You hit the orc warrior but do no damage.
The orc warrior is severely wounded.
The orc warrior hits you with a +0 hand axe! x2
* * * LOW HITPOINT WARNING * * *
An orc warrior is nearby!
An orc warrior is nearby!
You are too injured to fight recklessly!
You barely miss the orc warrior.
The orc warrior is severely wounded.
You block the orc warrior's attack.
You closely miss the orc warrior.
The orc warrior is severely wounded.
The orc warrior hits you with a +0 hand axe!
* * * LOW HITPOINT WARNING * * *
You closely miss the orc warrior.
The orc warrior is severely wounded.
The orc warrior hits you with a +0 hand axe!
You die...

...##### #.#.....#
........# #.#.....#
....#...# .#......#
....#.o)# ####....@#####
.............# ##
.........###.... ####.
...<.....# #### .....
........## #..##########
........# #............
........# #....#######.
........#######..:..##...
.............##..........


You could see an orc warrior.

Vanquished Creatures
  Pikel (D:5)
  Sigmund (D:3)
  A sky beast (D:5)
  A hound (D:5)
  An orc wizard (D:5)
  A worker ant (D:6)
  A killer bee zombie (D:5)
  4 gnolls (D:5)
  3 adders
  An adder zombie (D:2)
  2 dart slugs (D:1)
  4 leopard geckos
  9 orcs
  4 bats
  2 giant cockroaches
  2 goblins
  3 hobgoblins (D:1)
  A jackal (D:5)
  2 quokkas
  2 ball pythons
  3 frilled lizards
  A jackal zombie (D:5)
  3 kobolds
  3 rats
56 creatures vanquished.

Vanquished Creatures (others)
  2 slaves (D:5)
  A centaur zombie (D:5)
  An orc wizard (D:5)
  A worker ant (D:5)
  A hound skeleton (D:5)
  3 orcs (D:5)
  3 jackals (D:5)
  A quokka (D:5)
13 creatures vanquished.

Grand Total: 69 creatures vanquished

Notes
Turn   | Place    | Note
-------+----------+-------------------------------------------
     0 | D:1      | Flugslaktarn the Minotaur Fighter began the quest for the
                  | Orb.
     0 | D:1      | Reached XP level 1. HP: 19/19 MP: 0/0
    24 | D:1      | Reached XP level 2. HP: 26/27 MP: 1/1
    61 | D:1      | Reached skill level 3 in Axes
   475 | D:3      | Noticed Sigmund
   481 | D:3      | Reached XP level 3. HP: 12/33 MP: 2/2
   487 | D:3      | Killed Sigmund
   487 | D:3      | Reached skill level 4 in Axes
   487 | D:3      | Reached XP level 4. HP: 3/41 MP: 3/3
   487 | D:3      | Reached XP level 5. HP: 3/47 MP: 4/4
  1703 | D:5      | Entered Level 5 of the Dungeon
  1730 | D:5      | Noticed a slave
  1730 | D:5      | Noticed a slave
  1730 | D:5      | Noticed Pikel
  1731 | D:5      | Noticed a slave
  1731 | D:5      | Noticed a slave
  1741 | D:5      | Killed Pikel
  1741 | D:5      | Reached skill level 5 in Fighting
  1741 | D:5      | Reached skill level 6 in Axes
  1741 | D:5      | Reached skill level 5 in Armour
  1741 | D:5      | Reached skill level 5 in Shields
  1741 | D:5      | Reached XP level 6. HP: 34/56 MP: 5/5
  1741 | D:5      | Reached XP level 7. HP: 37/61 MP: 6/6
  2328 | D:5      | Reached skill level 7 in Axes
  2837 | D:6      | HP: 1/63 [orc warrior/+0 hand axe (9)]
  2838 | D:6      | Demolished by an orc warrior

Levels and vault maps discovered:
D:1:      dpeg_arrival_radiant, layout_rooms, chequers_serial_rivers_large_b,
          serial_bayou_pond_a
D:2:      minmay_general_purpose_star, layout_basic
D:3:      layout_basic, chequers_mini_garden, uniq_sigmund
D:4:      layout_layer_cave, first_ration
D:5:      layout_loops_cross, uniq_pikel
D:6:      layout_rooms, serial_co_window_serial, co_window_paths_b,
          co_window_corner_a, co_window_paths_a, co_window_paths_b,
          co_window_paths_a, co_window_paths_b, co_window_of_opportunity_a,
          co_window_corner_ca, co_window_unsneaky_path_b,
          co_window_of_opportunity_b, glass_columns_c, glass_columns_a,
          glass_columns_c, glass_columns_a, glass_columns_a,
          nemelex_lonely_heart_becter

Skill      XL: |  1  2  3  4  5  6  7 |
---------------+----------------------+-----
Axes           | 3 4 6 7 |  7.2
Fighting       | 4 5 6 |  6.0
Armour         | 4 5 |  5.9
Shields        | 4 5 6 |  6.0

Action                   |  1- 3 |  4- 6 |  7- 9 || total
-------------------------+-------+-------+-------++-------
Melee: War axe           |    40 |    37 |    89 ||   166
       Headbutt          |     4 |     5 |    14 ||    23
  Eat: Chunk             |       |     1 |     1 ||     2
       Ration            |       |     1 |       ||     1
Armor: Scale mail        |    14 |    14 |    19 ||    47
Dodge: Dodged            |    18 |     7 |    26 ||    51
Block: Kite shield       |    27 |    15 |    42 ||    84

Table legend:
 A = Non-vault XP
 B = Vault XP
 C = Vault XP percentage of total XP
 D = Non-vault monster count
 E = Vault monster count
 F = Vault count percentage of total count
                 A         B        C        D         E       F
            +---------+---------+-------+---------+---------+-------
      Total |     468 |     844 |  64.3 |      54 |       2 |   3.6
            +---------+---------+-------+---------+---------+-------
        D:1 |      26 |       0 |   0.0 |      13 |       0 |   0.0
        D:2 |      11 |       0 |   0.0 |       4 |       0 |   0.0
        D:3 |      41 |     227 |  84.7 |       9 |       1 |  10.0
        D:4 |       8 |       0 |   0.0 |       3 |       0 |   0.0
        D:5 |     335 |     617 |  64.8 |      18 |       1 |   5.3
        D:6 |      47 |       0 |   0.0 |       7 |       0 |   0.0
            +---------+---------+-------+---------+---------+-------
